 Dungeon Crawl Stone Soup version 0.30-a0-702-gdf48620a09 (webtiles) character file.

Game seed: 9357107920363713004

23716 wormed the Covert (level 12, -3/94 HPs)
             Began as a Demonspawn Fire Elementalist on Jan 22, 2023.
             Was a Priest of Vehumet.
             Slain by a catoblepas (19 damage)
             ... on level 4 of the Lair of Beasts.
             The game lasted 00:30:19 (19404 turns).

wormed the Covert (Demonspawn Fire Elementalist)   Turns: 19404, Time: 00:30:19

Health: -3/94      AC: 19    Str: 10    XL:     12   Next: 74%
Magic:  0/24       EV: 15    Int: 20    God:    Vehumet [***...]
Gold:   504        SH:  0    Dex: 14    Spells: 18/28 levels left

rFire   + + .      SeeInvis .    r - +10 whip of the Volcano {chaos, rC+}
rCold   + . .      Faith    .    (no shield)
rNeg    + . .      Spirit   .    u - +2 leather armour {rF+}
rPois   .          Reflect  .    (helmet unavailable)
rElec   .          Harm     .    D - +1 cloak {rCorr}
rCorr   +          Rampage  .    a - +1 pair of gloves
Will    .....                    I - +0 pair of boots {Fly}
Stlth   ++++                     (no amulet)
HPRegen 0.35/turn                h - ring of protection from fire
MPRegen 0.19/turn                N - ring of positive energy

@: sanguine armoured, flying
A: horns 3, ignite blood 1, sanguine armour 2, demonic magic 2
a: Renounce Religion


You were on level 4 of the Lair of Beasts.
You worshipped Vehumet.
Vehumet was most pleased with you.
You visited 3 branches of the dungeon, and saw 16 of its levels.

You collected 946 gold pieces.
You spent 442 gold pieces at shops.

Inventory:

Hand Weapons
 o - a +3 dagger of draining
 r - the +10 whip of the Volcano (weapon) {chaos, rC+}
   (You found it on level 4 of the Dungeon)

   rC:        It protects you from cold.
Missiles
 F - 3 throwing nets
Armour
 a - a +1 pair of gloves (worn)
 u - a +2 leather armour of fire resistance (worn)
 D - a +1 cloak of preservation (worn)
 I - a +0 pair of boots of flying (worn)
Jewellery
 c - a ring of resist corrosion
 h - a ring of protection from fire (left hand)
 m - a ring of flight
 C - a ring of ice
 N - a ring of positive energy (right hand)
 P - an amulet of the acrobat
 R - a ring of fire
Wands
 b - a wand of digging (19)
 p - a wand of paralysis (5) (quivered)
 v - a wand of polymorph (6)
 y - a wand of quicksilver (8)
 G - a wand of flame (20)
 H - a wand of mindburst (1)
 K - a wand of roots (5)
Scrolls
 f - 2 scrolls of poison
 j - 3 scrolls of teleportation
 w - 2 scrolls of fog
 z - 3 scrolls of identify
 A - a scroll of silence
 B - a scroll of enchant weapon
 E - 2 scrolls of enchant armour
 O - 2 scrolls of magic mapping
Potions
 d - 8 potions of curing
 e - 3 potions of attraction
 g - 2 potions of brilliance
 i - 2 potions of flight
 k - 3 potions of mutation {unknown}
 l - 3 potions of berserk rage {unknown}
 n - a potion of ambrosia {unknown}
 q - 3 potions of heal wounds {unknown}
 s - 2 potions of resistance {unknown}
 t - 2 potions of might {unknown}
 J - 2 potions of lignification {unknown}
 L - a potion of degeneration {unknown}
 M - a potion of cancellation {unknown}


   Skills:
 + Level 8.9 Fighting
 + Level 8.4 Dodging
 + Level 9.2 Stealth
 + Level 8.5 Spellcasting
 + Level 9.0 Conjurations
 + Level 8.6 Fire Magic


You had 18 spell levels left.
You knew the following spells:

 Your Spells              Type           Power      Damage    Failure   Level
a - Foxfire               Conj/Fire      100%       2x1d9     1%          1
b - Scorch                Fire           86%        2d9       1%          2
c - Inner Flame           Hex/Fire       25%        N/A       1%          3
d - Flame Wave            Conj/Fire      43%        2d11      1%          4

Your spell library contained the following spells:

 Spells                   Type           Power      Damage    Failure   Level
 Fulminant Prism          Conj/Hex       13%        3d9       4%          4
 Momentum Strike          Conj/Tloc      52%        3d9       1%          2
 Kindle Blastsparks       Fire/Tloc/Air  40%        2d13      2%          3
 Summon Small Mammal      Summ           32%        N/A       11%         1
 Blink                    Tloc           16%        N/A       17%         2
 Ensorcelled Hibernation  Hex/Ice        16%        N/A       17%         2
 Lesser Beckoning         Tloc           16%        N/A       17%         2
 Call Canine Familiar     Summ           8%         N/A       32%         3
 Spider Form              Tmut/Pois      8%         N/A       32%         3
 Summon Guardian Golem    Hex/Summ       8%         N/A       32%         3
 Anguish                  Hex/Necr       4%         N/A       73%         4
 Summon Ice Beast         Ice/Summ       8%         N/A       73%         4
 Summon Mana Viper        Hex/Summ       8%         N/A       97%         5
 Monstrous Menagerie      Summ           4%         N/A       100%        7


Dungeon Overview and Level Annotations

Branches:
Dungeon (11/15)            Temple (1/1) D:4            Lair (4/5) D:10
  Swamp (0/4) Lair:2       Spider (0/4) Lair:3
  Slime: Lair:4-5       Orc: D:9-12

Altars:
Ashenzari
Cheibriados
Dithmenos
Fedhas
Gozag
Hepliaklqana
Kikubaaqudgha
Makhleb
Nemelex Xobeh
Okawaru
Qazlal
Ru
Sif Muna
Trog
Uskayaw
Vehumet
Wu Jian
Xom
Yredelemnul

Shops:
D:1 [   D:2 [   D:6 [((**   D:7 [   D:9 (*[*[   D:11 *

Annotations:
Lair:3 1 runed translucent door, bmack86's ghost, journeyman MiFi


Innate Abilities, Weirdness & Mutations

You have a pair of large horns on your head.
Your demonic aura sometimes causes spilled blood to erupt in flames.
When seriously injured, your blood forms thick armour. (AC +9)
Spells you cast may paralyse nearby enemies.


Message History

Flames lash the catoblepas.
The catoblepas is heavily wounded.
Malevolent energies surge around you. The catoblepas closely misses you.
A cane toad comes into view.
Found a scroll of butterflies.
Casting: Scorch (safe; 1% risk of failure)
Confirm with . or Enter, or press ? or * to list all spells.
Flames lash the catoblepas but do no damage.
Malevolent energies surge around you.
The cane toad gives a loud, deep croak!
The catoblepas gores you but does no damage.
The catoblepas gores you but does no damage.
Casting: Scorch (safe; 1% risk of failure)
Confirm with . or Enter, or press ? or * to list all spells.
Flames lash the catoblepas.
The catoblepas is burned terribly!
The catoblepas is heavily wounded.
Malevolent energies surge around you. The catoblepas barely misses you.
Casting: Scorch (safe; 1% risk of failure)
Confirm with . or Enter, or press ? or * to list all spells.
Flames lash the catoblepas.
The catoblepas is burned terribly!
The catoblepas is almost dead.
Malevolent energies surge around you. The catoblepas gores you!!
Your blood congeals into armour.
Casting: Scorch (safe; 1% risk of failure)
Confirm with . or Enter, or press ? or * to list all spells.
Flames lash the catoblepas.
The catoblepas is burned terribly!
The catoblepas is almost dead.
Malevolent energies surge around you. The catoblepas gores you!
* * * LOW HITPOINT WARNING * * *
Casting: Scorch (safe; 1% risk of failure)
Confirm with . or Enter, or press ? or * to list all spells.
Flames lash the catoblepas but do no damage.
Malevolent energies surge around you.
The cane toad suddenly stops moving!
The catoblepas gores you!
* * * LOW HITPOINT WARNING * * *
Casting: Scorch (safe; 1% risk of failure)
Confirm with . or Enter, or press ? or * to list all spells.
Flames lash the catoblepas but do no damage.
Malevolent energies surge around you. The catoblepas gores you!!
You die...

#. #.?. #.. #..#
#..##..# #..#..#
.#.###..#..##
...#..#.....#
.........F##
#..........##
P###.#.#....Y@○###
........#..##....#
#......P#.###...##
..........#
##...##
.##^...#### #..#.#
#.#..#.#.#.#
##.###
#.........####.#
#...#..#...##...#
#.. #..###.####.#


You could see a catoblepas (combustible) and a cane toad (paralysed).

Vanquished Creatures
  A hydra (Lair:3)
  Harold (D:9)
  A boulder beetle (Lair:2)
  A two-headed ogre (D:10)
  Sonja (Lair:2)
  A pharaoh ant (Lair:3)
  6 elephants (Lair:4)
  3 black mambas
  5 cane toads
  4 komodo dragons
  An unseen horror (D:10)
  2 kobold demonologists (D:10)
  2 rime drakes
  A polar bear (Lair:2)
  A tarantella (Lair:3)
  Grinder (D:5)
  13 blink frogs
  5 dream sheep (Lair:3)
  A shadow (D:9)
  10 wyverns
  Eustachio (D:5)
  8 yaks
  A basilisk (Lair:1)
  A wraith (D:10)
  2 redbacks (Lair:3)
  Menkaure (D:5)
  2 steam dragons
  12 water moccasins
  An orc warrior (D:6)
  2 sky beasts
  3 black bears
  An ice beast (D:7)
  13 wolves
  5 centaurs
  A phantom (D:7)
  5 kobold brigands
  8 bullfrogs
  A gnoll sergeant (D:6)
  3 scorpions
  3 killer bees (D:8)
  2 vampire bats (D:10)
  2 howler monkeys (D:7)
  A jelly (D:7)
  5 hounds
  A gnoll bouda (D:6)
  5 orc priests
  Terence (D:2)
  2 orc wizards
  Natasha (thrice) (D:2)
  5 iguanas
  Robin (D:2)
  15 gnolls
  6 adders
  A shadow imp (D:5)
  4 worms
  6 dart slugs
  10 orcs
  6 bats
  4 bat skeletons (D:10)
  2 bat zombies (D:10)
  9 endoplasms
  5 giant cockroaches
  23 goblins
  19 hobgoblins
  2 jackals (D:2)
  A quokka (D:4)
  6 ball pythons
  6 frilled lizards
  37 kobolds
  7 rats
  A spectral orc (D:5)
  A bush (D:10)
334 creatures vanquished.

Vanquished Creatures (collateral kills)
  A foxfire (Lair:3)
1 creature vanquished.

Vanquished Creatures (others)
  474 foxfires
  20 fungi
  58 plants
552 creatures vanquished.

Grand Total: 887 creatures vanquished

Notes
Turn   | Place    | Note
-------+----------+-------------------------------------------
     0 | D:1      | wormed the Demonspawn Fire Elementalist began the quest for
                  | the Orb.
     0 | D:1      | Reached XP level 1. HP: 13/13 MP: 3/3
   272 | D:1      | Gained mutation: You have a pair of small horns on your
                  | head. [demonic ancestry]
   272 | D:1      | Reached XP level 2. HP: 5/20 MP: 1/5
   545 | D:1      | Learned a level 2 spell: Scorch
   627 | D:1      | Found Vaogie Hida's Antique Armour Shoppe.
   855 | D:1      | Gained mutation: You have a pair of horns on your head.
                  | [demonic ancestry]
   855 | D:1      | Reached XP level 3. HP: 15/25 MP: 6/6
   948 | D:1      | Reached skill level 1 in Fighting
  1280 | D:2      | Noticed Robin
  1487 | D:2      | Noticed Natasha
  1529 | D:2      | Killed Natasha
  1530 | D:2      | Gained mutation: Your demonic aura sometimes causes spilled
                  | blood to erupt in flames. [demonic ancestry]
  1530 | D:2      | Reached XP level 4. HP: 32/32 MP: 2/7
  1846 | D:2      | Noticed Terence
  2364 | D:2      | Noticed Natasha
  2373 | D:2      | Killed Natasha
  2374 | D:2      | Reached XP level 5. HP: 22/37 MP: 0/9
  2483 | D:2      | Killed Terence
  2629 | D:2      | Killed Robin
  2713 | D:2      | Noticed Natasha
  2716 | D:2      | Killed Natasha
  2852 | D:2      | Found Orawn's Armour Shop.
  2932 | D:2      | Found a faded altar of an unknown god.
  3056 | D:2      | Learned a level 3 spell: Inner Flame
  4314 | D:4      | Found a burning altar of Makhleb.
  4321 | D:4      | Identified the +10 whip of the Volcano {chaos, rC+}
  4357 | D:4      | Identified the +1 leather armour of the Pink Corner {Will+}
  4461 | D:4      | Reached XP level 6. HP: 44/44 MP: 10/10
  4793 | D:4      | Found an iron altar of Okawaru.
  4909 | D:4      | Found a staircase to the Ecumenical Temple.
  4939 | Temple   | Entered the Ecumenical Temple
  5577 | D:5      | Entered Level 5 of the Dungeon
  5583 | D:5      | Found a blossoming altar of Fedhas.
  5766 | D:5      | Found an opulent altar of Gozag.
  5787 | D:5      | Found a basalt altar of Yredelemnul.
  5837 | D:5      | Learned a level 4 spell: Flame Wave
  5851 | D:5      | Found a shimmering altar of Xom.
  5974 | D:5      | Noticed Eustachio
  5982 | D:5      | Killed Eustachio
  5983 | D:5      | Gained mutation: Spells you cast may paralyse adjacent
                  | enemies. [demonic ancestry]
  5983 | D:5      | Reached XP level 7. HP: 41/51 MP: 6/12
  6355 | D:5      | Noticed Grinder
  6364 | D:5      | Killed Grinder
  6605 | D:6      | Found Fesoal's Weapon Boutique.
  6609 | D:6      | Found Dyhip's General Store.
  6632 | D:6      | Reached XP level 8. HP: 40/58 MP: 1/13
  6640 | D:6      | Noticed Menkaure
  6780 | D:5      | Killed Menkaure
  7084 | D:6      | Found Syakh's Weapon Shop.
  7630 | D:6      | Found Pezxos's General Store.
  7635 | D:6      | Found a hide-covered altar of Uskayaw.
  7691 | D:6      | Found a snail-covered altar of Cheibriados.
  7807 | D:6      | Found a broken altar of Ashenzari.
  7848 | D:6      | Reached skill level 5 in Fire Magic
  8061 | D:6      | Found Houssoutsi's Antique Armour Boutique.
  8681 | D:7      | Reached skill level 5 in Stealth
  8681 | D:7      | Gained mutation: When seriously injured, your blood forms
                  | armour. (AC +9) [demonic ancestry]
  8681 | D:7      | Reached XP level 9. HP: 66/66 MP: 9/16
  8944 | D:7      | You fall into a shaft and drop 1 floor!
  8965 | D:8      | Reached skill level 5 in Conjurations
  9042 | D:8      | Found a radiant altar of Vehumet.
  9185 | D:8      | Reached skill level 5 in Fighting
  9185 | D:8      | Reached skill level 5 in Dodging
  9185 | D:8      | Reached skill level 5 in Spellcasting
  9212 | D:8      | Became a worshipper of Vehumet
  9441 | D:8      | Noticed a komodo dragon
  9641 | D:7      | Found a shadowy altar of Dithmenos.
  9884 | D:7      | Found Seliet's Antique Armour Emporium.
  9889 | D:7      | Bought a glowing cloak for 210 gold pieces
 10578 | D:8      | Paralysed by a kobold for 4 turns
 10950 | D:8      | Killed a komodo dragon
 11101 | D:9      | Found Fackanev's Antique Armour Shop.
 11367 | D:9      | Found Mecs's General Store.
 11381 | D:9      | Gained mutation: You have a pair of large horns on your
                  | head. [demonic ancestry]
 11381 | D:9      | Reached XP level 10. HP: 70/76 MP: 8/18
 11502 | D:9      | Noticed Harold
 11522 | D:9      | Killed Harold
 11699 | D:9      | Found Bykuloss's Antique Weapon Boutique.
 11716 | D:9      | Reached * piety under Vehumet
 11716 | D:9      | Offered knowledge of Sandblast by Vehumet.
 11951 | D:9      | Found Miluem's Antique Armour Emporium.
 11959 | D:9      | Bought a pair of runed boots for 232 gold pieces
 12054 | D:9      | Found Xiafuda's General Store.
 12277 | D:9      | Found a hazy altar of Hepliaklqana.
 12305 | D:10     | Entered Level 10 of the Dungeon
 12901 | D:10     | Found a staircase to the Lair.
 13162 | D:10     | Noticed a two-headed ogre
 13167 | D:10     | Killed a two-headed ogre
 13272 | D:10     | Noticed a rust devil
 13464 | D:10     | Gained mutation: When seriously injured, your blood forms
                  | thick armour. (AC +9) [demonic ancestry]
 13464 | D:10     | Reached XP level 11. HP: 83/83 MP: 8/21
 13550 | D:10     | Found an ancient bone altar of Kikubaaqudgha.
 13779 | D:10     | Offered knowledge of Shock by Vehumet.
 13983 | D:11     | Noticed a boulder beetle
 13987 | D:11     | Found Sozycysu's Assorted Antiques.
 14028 | Lair:1   | Entered Level 1 of the Lair of Beasts
 14042 | Lair:1   | Reached ** piety under Vehumet
 15704 | Lair:2   | Noticed a boulder beetle
 15724 | Lair:2   | Killed a boulder beetle
 15724 | Lair:2   | Offered knowledge of Dazzling Flash by Vehumet.
 16247 | Lair:2   | Noticed Sonja
 16260 | Lair:2   | Killed Sonja
 16267 | Lair:2   | Reached *** piety under Vehumet
 16658 | Lair:2   | Found a staircase to the Swamp.
 16890 | Lair:3   | Gained mutation: Spells you cast may paralyse nearby
                  | enemies. [demonic ancestry]
 16890 | Lair:3   | Reached XP level 12. HP: 73/92 MP: 15/23
 17095 | Lair:3   | Found a runed translucent door.
 17541 | Lair:3   | Noticed a six-headed hydra
 17552 | Lair:3   | Killed a six-headed hydra
 17845 | Lair:3   | Offered knowledge of Fulminant Prism by Vehumet.
 18482 | Lair:3   | Found a hole to the Spider Nest.
 18664 | Lair:3   | Identified the +2 trident of Edaixkuto {speed, rPois rN++
                  | Will- Stlth+}
 18670 | Lair:3   | Noticed bmack86's ghost (journeyman MiFi)
 18963 | Lair:4   | Noticed a catoblepas
 19404 | Lair:4   | Slain by a catoblepas

Illustrated notes

Levels and vault maps discovered:
D:1:      mrwooster_arrival_statue_3, layout_basic, serial_shops,
          nicolae_shop_advertising_works [nicolae_subvault_shop_adworks],
          minmay_small_reverse_x
D:2:      layout_basic, ebering_ecumenical_altar_hall, serial_shops, shop,
          minivault_24, minmay_goblin_outpost, uniq_natasha, uniq_terence,
          uniq_robin
D:3:      layout_basic
D:4:      layout_layer_cave, bloody_makhleb, gammafunk_temple_overflow_wave,
          minmay_temple_entry_hall
D:5:      layout_cave_pools, lemuel_round_altar, fedhas_altar_2,
          nicolae_gozag_cash_rules_everything_around_me,
          yredelemnul_forgotten_temple_becter, minivault_26, uniq_eustachio,
          uniq_grinder
D:6:      layout_basic, mainiacjoe_overflow_small_starburst, ashenzari_altar_1,
          lemuel_crystal_altar, mainiacjoe_overflow_surrounded_room,
          serial_shops, nicolae_shop_hallway_stairs, nicolae_square_shop,
          nicolae_shop_bloodbath_and_beyond, nicolae_stop_n_shop_1, shop,
          kennysheep_generic_room_2, uniq_menkaure
D:7:      layout_gridville, grunt_dithmenos_smoke_and_mirrors, serial_shops,
          nicolae_shop_statue_plus, glass_columns_c
D:8:      layout_basic, amcnicky_altar_gilded
D:9:      layout_rooms, lemuel_tele_altar, serial_shops, nicolae_lakefront_shop,
          nicolae_shop_window_shopping, nicolae_stop_n_shop_2,
          nicolae_inconvenience_store, nicolae_shop_hallway_plus, uniq_harold
D:10:     layout_roguey, kennysheep_vampire_church, minmay_lair_entry_grove
D:11:     layout_gridville, serial_shops, shop, gammafunk_ghost_hive,
          uniq_nergalle, uniq_psyche, uniq_urug
Temple:   nicolae_temple_bog_church
Lair:1:   layout_loops_ring, gauntlet_entry_generic
Lair:2:   layout_regular_city, swamp_mist_pool, serial_rivers,
          chequers_serial_rivers_room_b, chequers_serial_rivers_micro_a,
          chequers_serial_rivers_micro_a, chequers_serial_rivers_large_a,
          grunt_megastairs_1, serial_bayou_shore_a, lemuel_fruit_fields,
          uniq_sonja
Lair:3:   layout_gridlike, nicolae_spider_entry_lesser_pyramids,
          ebering_ghost_funeral_grove
Lair:4:   layout_loops_ring

Skill      XL: |  1  2  3  4  5  6  7  8  9 10 11 12 |
---------------+-------------------------------------+-----
Stealth        | 2 3 4 5 6 7 8 9 |  9.2
Dodging        | 2 3 4 5 6 7 8 |  8.4
Fighting       | 1 2 3 4 5 6 8 |  8.9
Fire Magic     | 3 4 5 6 7 8 |  8.6
Conjurations   | 2 3 4 5 6 8 9 |  9.0
Spellcasting   | 3 4 5 6 7 8 |  8.5

Action                   |  1- 3 |  4- 6 |  7- 9 | 10-12 || total
-------------------------+-------+-------+-------+-------++-------
Melee: Unarmed           |     6 |       |       |       ||     6
       Club              |    35 |       |       |       ||    35
       Headbutt          |     4 |    17 |     3 |    15 ||    39
       Dagger            |       |    61 |       |       ||    61
       Whip              |       |    48 |    35 |    59 ||   142
       Punch             |       |       |     1 |       ||     1
 Cast: Foxfire           |    40 |    35 |    86 |   118 ||   279
       Scorch            |    13 |    57 |    30 |    74 ||   174
       Inner Flame       |       |       |    70 |   140 ||   210
Evoke: Wand              |       |       |       |     3 ||     3
  Use: Potion            |     1 |       |       |     2 ||     3
       Scroll            |       |    10 |     8 |     5 ||    23
 Stab: Sleeping          |     2 |     6 |       |       ||     8
       Paralysed         |       |       |       |     8 ||     8
Armor: Robe              |     9 |    22 |       |       ||    31
       Leather armour    |       |     5 |    37 |    52 ||    94
Dodge: Dodged            |    41 |   106 |    64 |    79 ||   290

Table legend: (Time is in decaauts)
 A = Elapsed time spent in this place.
 B = Non-inter-level travel time spent in this place.
 C = Inter-level travel time spent in this place.
 D = Time resting spent in this place.
 E = Time spent auto-exploring this place.
 F = Levels seen in this place.
 G = Mean time per level.
                   A        B        C        D        E       F      G
               +--------+--------+--------+--------+--------+-----+--------+
         Total |  19436 |  18906 |    530 |    137 |  15978 |  16 | 1214.8 |
       Dungeon |  13948 |  13573 |    375 |    137 |  11276 |  11 | 1268.0 |
        Temple |    169 |    160 |      9 |      0 |    153 |   1 |  169.0 |
          Lair |   5319 |   5173 |    146 |      0 |   4549 |   4 | 1329.8 |
               +--------+--------+--------+--------+--------+-----+--------+

Top non-repeatable levels by time:
  Lair:3: 2215 daAuts
     D:6: 1806 daAuts
     D:2: 1580 daAuts
    D:10: 1566 daAuts
     D:1: 1509 daAuts
  Lair:1: 1480 daAuts
     D:7: 1329 daAuts
  Lair:2: 1317 daAuts
     D:8: 1310 daAuts
     D:5: 1249 daAuts
     D:4: 1247 daAuts
     D:9: 1227 daAuts
     D:3: 1091 daAuts
  Lair:4: 306 daAuts
  Temple: 169 daAuts
